Map: [ESL] Moondance

Players

GuMiho - Winner!

  • Race: Terran Terran
  • Spawn Location: 6:00

Zoun

  • Race: Protoss Protoss
  • Spawn Location: 12:00

Event: TSL 9

VOD

Have the link to the VOD?

Description

Time

  • Played on: Aug. 5, 2022, 7:09 a.m.
  • Length: 7:05

All games in this series

Show
View Real Time Build Order
Export as new Build Order

GuMiho Terran - Winner!

Build Orders:  

Get SALT Encoding   

  12  0:00  SCV  
  13  0:12  SCV  
  14  0:16  Supply Depot  
  14  0:24  SCV  
  15  0:38  SCV  
  15  0:39  Barracks  
  16  0:43  Refinery  
  16  0:50  SCV  
  16  0:52  Refinery  
  17  1:02  SCV  
  18  1:14  Supply Depot, SCV  
  19  1:26  Reaper, Orbital Command  
  20  1:40  Factory  
  20  1:52  SCV  
  21  1:58  Reaper  
  22  2:04  SCV  
  23  2:17  SCV  
  24  2:24  Hellion  
  24  2:25  Command Center  
  26  2:35  Barracks Reactor  
  26  2:36  SCV  
  27  2:40  Starport  
  27  2:46  Supply Depot  
  27  2:47  Factory Tech Lab  
  27  2:51  SCV  
  28  3:03  SCV  
  28  3:08  Siege Tank  
  31  3:12  Marine  
  31  3:13  Marine  
  31  3:15  SCV  
  34  3:20  Medivac  
  36  3:33  Marine x2  
  38  3:35  SCV  
  38  3:37  Orbital Command  
  39  3:45  Siege Tank  
  41  3:51  Marine x2  
  41  3:54  Starport Tech Lab  
  41  3:55  SCV  
  42  4:07  SCV x2  
  42  4:09  Marine x2  
  46  4:11  Refinery  
  46  4:18  Siege Tank  
  46  4:19  SCV  
  46  4:20  Supply Depot  
  50  4:27  Marine x2  
  49  4:40  SCV x2  
  49  4:45  Marine x2  
  53  4:47  Banshee, Cloaking Field  
  55  5:00  SCV x2  
  55  5:01  Command Center  
  55  5:03  Marine x2  
  55  5:06  Supply Depot  
  59  5:10  Supply Depot  
  59  5:12  SCV x2  
  55  5:22  Siege Tank  
  55  5:25  SCV x2  
  59  5:30  Marine  
  59  5:31  Marine  
  59  5:34  Banshee  
  64  5:37  SCV x2  
  66  5:48  Marine x2  
  66  5:49  SCV  
  69  5:53  SCV  
  69  5:56  Supply Depot  
  70  5:58  Supply Depot  
  70  6:01  Siege Tank  
  70  6:02  SCV  
  71  6:05  SCV  
  71  6:06  Marine  
  72  6:14  SCV  
  72  6:17  Banshee  
Show
View Real Time Build Order
Export as new Build Order

Zoun Protoss 

Build Orders: 1 Gate Expand, Blink Stalkers 

Get SALT Encoding   

  12  0:00  Probe  
  13  0:12  Probe  
  14  0:16  Pylon  
  14  0:24  Probe (Chrono Boost)  
  16  0:36  Probe (Chrono Boost), Gateway  
  16  0:42  Probe (Chrono Boost)  
  16  0:45  Assimilator  
  17  0:50  Probe  
  18  1:03  Probe  
  19  1:15  Probe  
  20  1:23  Cybernetics Core  
  20  1:32  Nexus  
  20  1:34  Probe  
  21  1:42  Pylon  
  21  1:47  Probe  
  21  1:50  Assimilator  
  22  1:57  Adept (Chrono Boost)  
  22  1:59  Probe  
  25  2:04  Warp Gate  
  25  2:11  Probe  
  26  2:24  Twilight Council  
  26  2:25  Adept (Chrono Boost)  
  26  2:28  Probe  
  28  2:37  Shield Battery  
  28  2:40  Probe  
  30  2:44  Probe  
  30  2:52  Probe, Stalker (Chrono Boost)  
  30  2:56  Probe  
  34  3:04  Probe  
  34  3:08  Probe (Chrono Boost)  
  34  3:16  Blink (Chrono Boost)  
  34  3:17  Probe (Chrono Boost)  
  35  3:21  Probe (Chrono Boost)  
  37  3:27  Probe (Chrono Boost)  
  37  3:29  Gateway  
  37  3:30  Probe (Chrono Boost)  
  38  3:34  Probe  
  38  3:39  Robotics Facility  
  39  3:45  Probe  
  40  3:52  Probe  
  39  3:57  Probe  
  39  4:02  Pylon  
  40  4:03  Stalker  
  40  4:09  Shield Battery  
  38  4:11  Gateway  
  38  4:13  Gateway  
  38  4:17  Shield Battery, Probe x2  
  38  4:23  Stalker  
  41  4:31  Stalker  
  39  4:32  Probe  
  39  4:35  Probe  
  39  4:44  Pylon  
  37  4:47  Stalker  
  38  4:53  Probe  
  38  4:59  Stalker  
  41  5:01  Probe  
  42  5:07  Stalker  
  42  5:08  Stalker  
  42  5:10  Probe  
  42  5:13  Probe  
  42  5:22  Probe  
  42  5:26  Stalker  
  42  5:27  Probe  
  44  5:29  Shield Battery  
  44  5:35  Stalker  
  44  5:38  Stalker  
  44  5:43  Probe  
  42  5:50  Pylon  
  42  5:51  Stalker  
  44  6:01  Probe  
  37  6:08  Stalker x2  
Tags
 
Add a new tag
Caveats
  • Supply blocks, unpowered buildings, or Contaminate may cause inaccurate times.
  • Supply counts are checked every 10 seconds.